 Dungeon Crawl Stone Soup version bcrawl-1.17.3 (webtiles) character file.

Game seed: 2828350197710226388

48 Bnni the Sneak (level 3, -16/22 HPs)
             Began as a Vine Stalker Archaeologist on Oct 19, 2019.
             Demolished by an orc wizard
             ... wielding a +0 dagger of electrocution
              (19 damage)
             ... on level 2 of the Dungeon.
             The game lasted 00:03:14 (1494 turns).

Bnni the Sneak (Vine Stalker Archaeologist)         Turns: 1494, Time: 00:03:15

Health: -16/22     AC:  6    Str: 13    XL:     3   Next: 72%
Magic:  4/4        EV: 13    Int: 14    God:
Gold:   127        SH:  3    Dex: 13    Spells: 2/2 levels left

rFire    . . .     SeeInvis .   l - +0 dagger (venom)
rCold    . . .     Gourm    .   (no shield)
rNeg     . . .     Faith    .   b - +1 robe
rPois    .         Spirit   .   c - +1 hat
rElec    .         Reflect  +   (no cloak)
rCorr    .         Harm     .   (no gloves)
MR       .....                  d - +1 pair of boots
Stlth    +++.......             j - +3 amulet of reflection
HPRegen  0.47/turn              (no ring)
MPRegen  0.09/turn              (no ring)

@: lethally poisoned (-16 -> -16), studying Maces & Flails
A: fangs 2, regeneration 1, no potion heal 3, rot immunity, strong jaws
a: no special abilities


You were on level 2 of the Dungeon.
You were not hungry.

You visited 1 branch of the dungeon, and saw 3 of its levels.

You collected 127 gold pieces.

Inventory:

Hand Weapons
 l - a +0 dagger of venom (weapon)
 t - a +1 mace of protection
Missiles
 h - 143 poisoned needles
Armour
 b - a +1 robe (worn)
 c - a +1 hat (worn)
 d - a +1 pair of boots (worn)
Jewellery
 j - a +3 amulet of reflection (around neck)
Scrolls
 k - 2 scrolls of immolation {unknown}
 m - 6 scrolls of teleportation {unknown}
 q - 2 scrolls of remove curse {unknown}
 u - a scroll of enchant weapon {unknown}
 v - a scroll of identify {unknown}
Potions
 i - a potion of haste {unknown}
 n - a potion of brilliance {unknown}
 o - a potion of lignification {unknown}
 p - 2 potions of agility {unknown}
 r - a potion of ambrosia {unknown}
 s - 3 potions of degeneration {unknown}
 x - 2 potions of curing {unknown}
Books
 e - a manual of Maces & Flails
Miscellaneous
 f - an ancient crate
Comestibles
 g - 5 rations {!d}
 w - 4 chunks of flesh


   Skills:
 + Level 2.7 Fighting
 * Level 2.2 Maces & Flails
 - Level 3.0 Dodging
 - Level 4.4 Stealth


You had 2 spell levels left.
You didn't know any spells.
Your spell library was empty.

Dungeon Overview and Level Annotations

Branches:
Dungeon (3/12)

Altars:
Fedhas
Kikubaaqudgha
Makhleb
Ru
Trog


Innate Abilities, Weirdness & Mutations

You have extremely sharp teeth.
Your natural rate of healing is unusually fast.
Potions cannot restore your health.
You are immune to rotting.
Your bites deal extra damage.


Message History

You barely miss the orc wizard.
The orc wizard is lightly wounded.
You feel sick. The orc wizard casts a spell at you. The magic dart hits you!
* * * LOW HITPOINT WARNING * * *
You are too injured to fight recklessly!
You are too injured to fight recklessly!
Okay, then.
You closely miss the orc wizard.
The orc wizard is moderately wounded.
The orc wizard hits you with a +0 dagger of electrocution.
* * * LOW HITPOINT WARNING * * *
The orc wizard hits you with a +0 dagger of electrocution.
* * * LOW HITPOINT WARNING * * *
Okay, then.
The orc wizard hits you but does no damage.
You are electrocuted!!
Ouch! That really hurt!
You die...

#..........###
##..###
#.......<.†..##
#..+#.#
#.........##..#
#.##..#
#############.#
#8#.._#
##.###########
#####.......8#.._#
#>)...#..###.##..#
#÷######.# #.['#.#
#@# #.# ##..###
#o## #.# #...8#
#..#####.# #)##..
##.##....####.##..
#.........##.....
###.....#........
##..........#..
##.......##.#..
##........##....


You could see an orc wizard.

Vanquished Creatures
  3 worms
  A dart slug (D:2)
  2 leopard geckos (D:1)
  An orc (D:2)
  2 giant cockroaches
  6 goblins
  3 hobgoblins
  2 quokkas (D:1)
  A ball python (D:2)
  A bat (D:1)
  6 frilled lizards
  6 kobolds
  2 rats (D:2)
36 creatures vanquished.

Notes
Turn   | Place    | Note
-------+----------+-------------------------------------------
     0 | D:1      | Bnni the Vine Stalker Archaeologist began the quest for the
                  | Orb.
     0 | D:1      | Reached XP level 1. HP: 11/11 MP: 2/2
    84 | D:1      | Reached skill level 1 in Fighting
   259 | D:1      | Reached XP level 2. HP: 17/17 MP: 3/3
   519 | D:1      | Reached XP level 3. HP: 22/22 MP: 4/4
   586 | D:1      | Reached skill level 1 in Maces & Flails
   912 | D:2      | Found a burning altar of Makhleb.
   912 | D:2      | Found a blossoming altar of Fedhas.
   913 | D:2      | Found a bloodstained altar of Trog.
  1052 | D:2      | Found a sacrificial altar of Ru.
  1211 | D:2      | Found an ancient bone altar of Kikubaaqudgha.
  1494 | D:2      | Demolished by an orc wizard

Skill      XL: |  1  2  3 |
---------------+----------+-----
Fighting       | 1 2 |  2.7
Maces & Flails | 2 |  2.2
Dodging        | |  3.0
Stealth        | |  4.4

Action                   || total
-------------------------++-------
Melee: Whip              ||    49
       Bite              ||    10
       Dagger            ||    40
       Mace              ||    47
 Stab: Sleeping          ||    10
  Eat: Chunk             ||     2
Armor: Robe              ||    32
Dodge: Dodged            ||    91
Block: Other             ||     6
